AoeStats
← AkiraGreen

Arabia

508564366Analyzed
4v4 RM · 25d ago on Sep 23, 2026· 34m 9s· 8 players
Game mode
Random Map
Map size
Large (8 player)
Population
200
Speed
Normal
Resources
Standard
Victory
Conquest
Starting age
Dark Age
Ending age
Imperial Age
RankedLock teamsTeams togetherTeam positionsShared explorationLock speedFull tech treeHidden civsTurbo modeCheats
Victory
Defeat
🇵🇪 Franks · Peru
841
+14
🇨🇱 Ethiopians · Chile
810
+30
🇨🇱 Vikings · Chile
796
+16
🇵🇪 Vietnamese · Peru
753
+18
vs
🇨🇷 Mongols · Costa Rica
839
-18
🇲🇽 Byzantines · Mexico
805
-16
🇹🇼 Franks · Taiwan
775
-15
🇧🇷 Aztecs · Brazil
749
-14
AkiraGreen
12:02 Feudal Age
12:43 Horse Collar
12:55 Double-Bit Axe
21:36 Fletching
21:46 Padded Archer Armor
21:42 Loom
24:45 Castle Age
23:40 Gold Mining
25:37 Thumb Ring
24:54 Crossbowman
26:22 Wheelbarrow
26:53 Bodkin Arrow
27:04 Heavy Plow
31:34 Hand Cart
31:34 Bow Saw
32:19 Ballistics
32:48 Murder Holes
33:36 Leather Archer Armor
AnJe_RoAl
0:36 Loom
11:38 Feudal Age
12:08 Double-Bit Axe
16:43 Scale Barding Armor
17:31 Forging
25:22 Castle Age
25:31 Gold Mining
26:19 Wheelbarrow
26:19 Husbandry
27:53 Chain Barding Armor
29:07 Iron Casting
32:12 Gold Shaft Mining
Sonigtzen
7:47 Feudal Age
8:35 Double-Bit Axe
10:56 Horse Collar
17:59 Castle Age
17:14 Stone Mining
20:53 Scale Mail Armor
22:13 Bow Saw
22:49 Chain Mail Armor
23:41 Forging
24:09 Gold Mining
24:27 Chieftains
28:49 Squires
28:35 Arson
29:41 Heavy Plow
34:06 Iron Casting
TX_DROPDEAD
7:31 Loom
10:24 Feudal Age
11:04 Double-Bit Axe
11:00 Horse Collar
12:38 Fletching
17:28 Padded Archer Armor
23:19 Castle Age
22:12 Gold Mining
23:19 Stone Mining
24:06 Bodkin Arrow
23:33 Crossbowman
24:31 Bow Saw
27:02 Husbandry
27:53 Wheelbarrow
29:17 Thumb Ring
29:16 Town Watch
31:13 Leather Archer Armor
33:04 Scale Mail Armor
33:38 Squires
33:49 Forging
Carpeado BR
0:28 Loom
12:06 Feudal Age
12:58 Arson
15:02 Horse Collar
15:12 Double-Bit Axe
17:41 Scale Mail Armor
17:52 Forging
19:18 Fletching
23:44 Gold Mining
23:45 Stone Mining
Sow
1:06 Loom
11:37 Feudal Age
12:00 Horse Collar
12:09 Double-Bit Axe
20:15 Castle Age
19:25 Scale Barding Armor
21:18 Forging
21:48 Fletching
26:02 Stone Mining
26:06 Gold Mining
27:33 Gold Shaft Mining
28:04 Iron Casting
29:28 Stone Shaft Mining
29:31 Bodkin Arrow
30:03 Padded Archer Armor
29:47 Elite Skirmisher
OnlyxOne
0:38 Loom
11:03 Feudal Age
11:42 Horse Collar
11:50 Double-Bit Axe
pinyou
10:44 Feudal Age
11:13 Double-Bit Axe
20:21 Scale Barding Armor
28:07 Castle Age
28:13 Wheelbarrow
29:04 Husbandry
29:29 Chain Barding Armor
29:55 Bow Saw
30:53 Forging
33:38 Iron Casting
32:33 Pikeman
Connection lost

Rejoining the realm…

Still unreachable

The connection could not be restored.

Session expired

The server has moved on; the page needs a fresh start.